 Dungeon Crawl Stone Soup version 0.32-a0-986-ga09f62fbf4 (webtiles) character file.

Game seed: 1464051464169958277

371 protoss039 the Digger (level 6, -1/47 HPs)
             Began as a Demonspawn Earth Elementalist on Apr 21, 2024.
             Slain by a ball python (3 damage)
             ... on level 4 of the Dungeon.
             The game lasted 00:03:40 (3211 turns).

protoss039 the Digger (DsEE)                        Turns: 3211, Time: 00:03:40

Health: -1/47      AC:  2    Str:  9    XL:     6   Next: 42%
Magic:  2/11       EV:  1    Int: 21    God:
Gold:   225        SH:  0    Dex: 13    Spells: 5/12 levels left

rFire   + . .        o - +1 dagger (drain)
rCold   + . .        (no shield)
rNeg    . . .        a - +0 robe
rPois   +            (helmet unavailable)
rElec   +            (no cloak)
rCorr   +            (no gloves)
SInv    +            (no boots)
Will    .....        k - amulet of the acrobat
Stlth   ++           (no ring)
HPRegen 0.27/turn    (no ring)
MPRegen 0.12/turn

%: acrobat
@: resistant, constricted
A: antennae 3, big brain 2
a: no special abilities


You were on level 4 of the Dungeon.
You visited 1 branch of the dungeon, and saw 4 of its levels.

You collected 225 gold pieces.

Inventory:

Hand Weapons
 o - a +1 dagger of draining (weapon)
 r - a +6 club
Armour
 a - a +0 robe (worn)
Jewellery
 k - an amulet of the acrobat (around neck)
Wands
 s - a wand of digging (5)
Scrolls
 c - a scroll of revelation {unknown}
 g - 2 scrolls of fog {unknown}
 h - 2 scrolls of noise {unknown}
 l - 5 scrolls of teleportation {unknown}
 m - 2 scrolls of identify {unknown}
 n - a scroll of enchant weapon {unknown}
 p - a scroll of enchant armour {unknown}
 q - a scroll of torment {unknown}
 t - a scroll of vulnerability {unknown}
 u - a scroll of fear {unknown}
 v - a scroll of silence {unknown}
Potions
 b - a potion of magic
 d - a potion of berserk rage {unknown}
 e - a potion of curing {unknown}
 f - a potion of ambrosia {unknown}
 i - 2 potions of resistance
 j - a potion of lignification {unknown}
 w - a potion of brilliance {unknown}
 x - a potion of haste {unknown}
 z - a potion of heal wounds {unknown}


   Skills:
 + Level 3.6 Fighting
 - Level 1.7 Dodging
 - Level 1.7 Stealth
 + Level 3.9 Spellcasting
 - Level 1.0 Conjurations
 + Level 4.3 Earth Magic


You had 5 spell levels left.
You knew the following spells:

 Your Spells              Type           Power      Damage    Failure   Level
a - Sandblast             Erth           44%        2d11      1%          1
b - Passwall              Erth           22%        N/A       6%          3
c - Stone Arrow           Conj/Erth      30%        3d8       12%         3

Your spell library contained the following spells:

 Spells                   Type           Power      Damage    Failure   Level
 Brom's Barrelling Bould  Conj/Erth      15%        2d4       36%         4
 Petrify                  Alch/Erth      13%        N/A       43%         4


Dungeon Overview and Level Annotations

Branches:
Dungeon (4/15) Zot: 20704
 Temple: D:4-7

Altars:
Xom


Innate Abilities, Weirdness & Mutations

You have a pair of large antennae on your head. (SInv)
You have an extremely huge brain. (Int +4)


Message History

Aim: an orc, wielding a +0 hand axe and wearing a +0 leather armour (83% to hit)
The blast of sand hits the orc.
The orc is severely wounded.
The orc misses you. The ball python bites you. The ball python grabs you.
The ball python constricts you. The orc hits you with a +0 hand axe.
Casting: Sandblast (safe; 1% risk of failure)
Confirm with . or Enter, or press ? or * to list all spells.
Aiming: Sandblast (safe; 1% risk of failure)
Press: ? - help, Shift-Dir - straight line, f/p - orc
Aim: an orc, wielding a +0 hand axe and wearing a +0 leather armour (severely wounded, 83% to hit)
The blast of sand hits the orc but does no damage.
The orc is severely wounded.
The ball python bites you but does no damage.
The ball python constricts you. The orc hits you with a +0 hand axe.
* * * LOW HITPOINT WARNING * * *
The ball python bites you.
* * * LOW HITPOINT WARNING * * *
The ball python constricts you.
Casting: Sandblast (safe; 1% risk of failure)
Confirm with . or Enter, or press ? or * to list all spells.
Aiming: Sandblast (safe; 1% risk of failure)
Press: ? - help, Shift-Dir - straight line, f/p - orc
Aim: an orc, wielding a +0 hand axe and wearing a +0 leather armour (severely wounded, 83% to hit)
The blast of sand hits the orc!
You kill the orc!
The ball python bites you.
* * * LOW HITPOINT WARNING * * *
The ball python constricts you.
* * * LOW HITPOINT WARNING * * *
The orc barely misses you. The goblin hits you with a +0 club.
* * * LOW HITPOINT WARNING * * *
The ball python bites you.
* * * LOW HITPOINT WARNING * * *
The ball python constricts you.
It was a potion of resistance.
You feel protected. The orc hits you with a +0 short sword.
* * * LOW HITPOINT WARNING * * *
The goblin barely misses you. The ball python bites you.
You die...

#..........# #.........
#..........###.........
#...........##.........
#............#.........
#......................
#.................>....
######.........#.......
#.o...............
#@S............#.# #####
##g..............#
......##..............##
......)...#...........#.
..........#......>....#.
........#(#...........#.
.....)............<....†
........#.#.....).......
....................#...


You could see an orc, a goblin and a ball python.

Vanquished Creatures
  Sigmund (D:3)
  A sleepcap (D:4)
  Jessica (D:3)
  An iguana (D:4)
  An orc wizard (D:4)
  5 adders
  2 dart slugs
  A ribbon worm (D:3)
  3 orcs
  6 ball pythons
  3 endoplasms
  2 giant cockroaches (D:3)
  2 hobgoblins (D:1)
  2 jackals (D:1)
  9 kobolds
  3 quokkas
  4 bats
  3 frilled lizards
  8 goblins
  2 rats (D:3)
60 creatures vanquished.

Notes
Turn   | Place    | Note
-------+----------+-------------------------------------------
     0 | D:1      | protoss039 the Demonspawn Earth Elementalist began the
                  | quest for the Orb.
     0 | D:1      | Reached XP level 1. HP: 13/13 MP: 3/3
   322 | D:1      | Gained mutation: You have an unusually large brain. (Int
                  | +2) [demonic ancestry]
   322 | D:1      | Reached XP level 2. HP: 20/20 MP: 3/5
   559 | D:1      | Reached skill level 1 in Fighting
   566 | D:1      | Reached skill level 3 in Earth Magic
   979 | D:2      | Gained mutation: You have a pair of small antennae on your
                  | head. [demonic ancestry]
   979 | D:2      | Reached XP level 3. HP: 26/26 MP: 3/6
  2046 | D:2      | Learned a level 3 spell: Passwall
  2050 | D:2      | Learned a level 3 spell: Stone Arrow
  2055 | D:3      | Noticed Jessica
  2059 | D:3      | Killed Jessica
  2060 | D:3      | Gained mutation: You have a pair of antennae on your head.
                  | [demonic ancestry]
  2060 | D:3      | Reached XP level 4. HP: 25/33 MP: 5/8
  2293 | D:3      | Noticed Sigmund
  2301 | D:3      | Killed Sigmund
  2302 | D:3      | Reached skill level 4 in Earth Magic
  2302 | D:3      | Gained mutation: You have an extremely huge brain. (Int +4)
                  | [demonic ancestry]
  2302 | D:3      | Reached XP level 5. HP: 26/41 MP: 0/10
  2513 | D:3      | Found a shimmering altar of Xom.
  2946 | D:4      | Gained mutation: You have a pair of large antennae on your
                  | head. (SInv) [demonic ancestry]
  2946 | D:4      | Reached XP level 6. HP: 47/47 MP: 9/11
  3211 | D:4      | HP: 2/47 [orc/+0 short sword (4)]
  3211 | D:4      | Slain by a ball python

Illustrated notes

Levels and vault maps discovered:
D:1:      nicolae_arrival_somewhat_less_tricky_arrival, layout_loops_ring
D:2:      layout_loops_corners, minmay_misc_feat_room,
          chequers_serial_rivers_large_b, corner_web_ring
D:3:      layout_basic, amcnicky_altar_gilded, uniq_sigmund, uniq_jessica
D:4:      layout_rooms, grunt_temple_overflow_open, temple_statues,
          kennysheep_small_circle

Skill      XL: |  1  2  3  4 |
---------------+-------------+-----
Fighting       | 1 2 3 |  3.6
Earth Magic    | 3 4 |  4.3
Spellcasting   | 3 |  3.9
Dodging        | |  1.7
Stealth        | |  1.7
Conjurations   | |  1.0

Action                     |  1- 3 |  4- 6 || total
---------------------------+-------+-------++-------
  Melee: Unarmed           |    12 |       ||    12
         Dagger            |     5 |    22 ||    27
   Cast: Sandblast         |    43 |    31 ||    74
         Stone Arrow       |       |     1 ||     1
    Use: Potion            |       |     1 ||     1
   Stab: Sleeping          |       |     3 ||     3
 Armour: Robe              |    28 |    43 ||    71
  Dodge: Dodged            |    14 |    37 ||    51

Table legend: (Time is in decaauts)
 A = Elapsed time spent in this place.
 B = Non-inter-level travel time spent in this place.
 C = Inter-level travel time spent in this place.
 D = Time resting spent in this place.
 E = Time spent auto-exploring this place.
 F = Levels seen in this place.
 G = Mean time per level.
                   A        B        C        D        E       F      G
               +--------+--------+--------+--------+--------+-----+--------+
         Total |   3294 |   3250 |     44 |    102 |   2733 |   4 |  823.5 |
       Dungeon |   3294 |   3250 |     44 |    102 |   2733 |   4 |  823.5 |
               +--------+--------+--------+--------+--------+-----+--------+

Top non-repeatable levels by time:
     D:2: 1131 daAuts
     D:1: 987 daAuts
     D:3: 878 daAuts
     D:4: 297 daAuts
